 Dungeon Crawl Stone Soup version 0.29.0-11-gd7f09526c8 (webtiles) character file.

Game seed: 1287939191474315500

49875 Acheron the Cleaver (level 14, -1/121 HPs)
             Began as a Minotaur Delver on Sept 2, 2022.
             Was a High Priest of Nemelex Xobeh.
             Slain by a skeletal warrior
             ... wielding a +0 morningstar
              (13 damage)
             ... on level 15 of the Dungeon on Sept 3, 2022.
             The game lasted 02:12:03 (19621 turns).

Acheron the Cleaver (Minotaur Delver)              Turns: 19621, Time: 02:12:04

Health: -1/121     AC: 27    Str: 14    XL:     14   Next: 17%
Magic:  36/36      EV:  9    Int:  7    God:    Nemelex Xobeh [*****.]
Gold:   1073       SH:  5    Dex: 15    Spells: 12/13 levels left

rFire   + + +      SeeInvis .   N - +6 dire flail (freeze)
rCold   . . .      Faith    .   (shield currently unavailable)
rNeg    + . .      Spirit   .   l - +2 shadow dragon scales
rPois   +          Reflect  +   (helmet restricted)
rElec   +          Harm     .   G - scarf {shadows}
rCorr   +          Rampage  .   E - +3 pair of gloves "Ejuxtuz" {rF+++ rCorr MP+9 Dex-2}
Will    +....                   o - +0 pair of boots
Stlth   +++++.....              m - amulet of reflection
HPRegen 0.30/turn               O - ring "Zoteloc" {rElec rPois rN+ MP+9 Str-3}
MPRegen 0.25/turn               k - +4 ring of protection

@: no status effects
A: horns 2, retaliatory headbutt
a: Renounce Religion, Draw Escape, Draw Destruction, Draw Summoning, Triple
Draw, Deal Four, Stack Five


You were on level 15 of the Dungeon.
You worshipped Nemelex Xobeh.
Nemelex Xobeh was extremely pleased with you.
You visited 5 branches of the dungeon, and saw 23 of its levels.
You also visited: Bailey.

You collected 1073 gold pieces.

Inventory:

Hand Weapons
 h - a +1 war axe
 B - a +4 dagger
 C - a +2 flail of draining
 N - a +6 dire flail of freezing (weapon)
Missiles
 j - 40 poisoned darts
 p - 13 boomerangs (quivered)
 D - 3 throwing nets
 U - a curare-tipped dart
Armour
 l - +2 shadow dragon scales (worn)
 o - a +0 pair of boots (worn)
 w - +0 acid dragon scales
 x - a +0 kite shield
 E - the +3 pair of gloves "Ejuxtuz" (worn) {rF+++ rCorr MP+9 Dex-2}
   (You acquired it on level 10 of the Dungeon)

   Dex:       It affects your dexterity (-2).
   rF:        It renders you almost immune to fire.
   MP:        It affects your magic capacity (+9).
   rCorr:     It protects you from acid and corrosion.
 G - a scarf of shadows (worn)
Jewellery
 k - a +4 ring of protection (right hand)
 m - an amulet of reflection (around neck)
 u - a +6 ring of strength
 y - a ring of willpower
 J - a ring of flight
 O - the ring "Zoteloc" (left hand) {rElec rPois rN+ MP+9 Str-3}
   (You found it on level 12 of the Dungeon)

   [ring of magical power]

   Str:       It affects your strength (-3).
   rElec:     It insulates you from electricity.
   rPois:     It protects you from poison.
   rN:        It protects you from negative energy.
   MP:        It affects your magic capacity (+9).
 S - a ring of magical power
 T - a ring of ice
 V - a ring of fire
Wands
 g - a wand of digging (3)
 q - a wand of mindburst (9)
 A - a wand of flame (14)
 F - a wand of polymorph (17)
 H - a wand of quicksilver (18)
Scrolls
 a - a scroll of poison
 c - 9 scrolls of fog
 d - 6 scrolls of magic mapping
 e - 6 scrolls of fear
 n - 2 scrolls of amnesia
 t - 7 scrolls of teleportation
 I - 2 scrolls of blinking
 M - 5 scrolls of identify
 P - a scroll of summoning
Potions
 b - a potion of magic
 f - 2 potions of haste
 i - 8 potions of curing
 r - 3 potions of might
 s - 5 potions of cancellation
 v - a potion of invisibility
 z - 2 potions of brilliance
 K - a potion of resistance
 L - 4 potions of heal wounds
 Q - a potion of lignification
 R - a potion of mutation
Miscellaneous
 W - a phantom mirror


   Skills:
 * Level 10.2 Fighting
 + Level 3.0 Long Blades
 + Level 13.8(14.7) Axes
 * Level 8.3(12.1) Maces & Flails
 * Level 6.2 Throwing
 + Level 9.3 Armour
 * Level 6.2 Dodging
 * Level 8.3 Stealth
 * Level 8.8 Shields
 * Level 0.3 Translocations
 * Level 7.5 Invocations
 * Level 7.0 Evocations


You had 12 spell levels left.
You knew the following spells:

 Your Spells              Type           Power      Damage    Failure   Level
a - Apportation           Tloc           0%         N/A       99%         1

Your spell library contained the following spells:

 Spells                   Type           Power      Damage    Failure   Level
 Freeze                   Ice            0%         1d3       100%        1
 Shock                    Conj/Air       0%         1d3       100%        1
 Ensorcelled Hibernation  Hex/Ice        0%         N/A       100%        2
 Passwall                 Tmut/Erth      0%         N/A       100%        2
 Dazzling Flash           Conj/Hex       0%         N/A       100%        3
 Frozen Ramparts          Ice            0%         1d1       100%        3
 Gell's Gravitas          Tloc           0%         N/A       100%        3
 Lesser Beckoning         Tloc           0%         N/A       100%        3
 Swiftness                Air            0%         N/A       100%        3
 Teleport Other           Tloc           0%         N/A       100%        3
 Airstrike                Air            0%         2d(0-16)  100%        4
 Hailstorm                Conj/Ice       0%         3d3       100%        4
 Petrify                  Tmut/Erth      0%         N/A       100%        4
 Agony                    Necr           0%         N/A       100%        5
 Alistair's Intoxication  Tmut/Pois      0%         N/A       100%        5
 Metabolic Englaciation   Hex/Ice        0%         N/A       100%        5
 Silence                  Hex/Air        0%         N/A       100%        5
 Statue Form              Tmut/Erth      0%         N/A       100%        6


Dungeon Overview and Level Annotations

Branches:
Dungeon (15/15)            Temple (1/1) D:5            Lair (5/5) D:11
  Swamp (0/4) Lair:3        Slime (1/5) Lair:4          Orc (1/2) D:11
 Bailey (visited)
  Snake: Lair:2-3    Spider: Lair:2-3    Vaults: D:13-14     Depths: D:15

Altars:
Ashenzari
Cheibriados
Dithmenos
Elyvilon
Fedhas
Gozag
Hepliaklqana
Kikubaaqudgha
Makhleb
Nemelex Xobeh
Okawaru
Qazlal
Ru
Sif Muna
Trog
Uskayaw
Vehumet
Wu Jian
Xom
Yredelemnul
Zin
The Shining One

Shops:
D:5 *

Annotations:
D:10 1 runed translucent door
Lair:4 2 transporters, Vufrucs's ghost, journeyman DrTm


Innate Abilities, Weirdness & Mutations

You have a pair of horns on your head.
You reflexively headbutt those who attack you in melee.


Message History

The skeletal warrior is almost destroyed.
The skeletal warrior hits you with a +0 flail!
Unknown command.
You hit the skeletal warrior but do no damage.
You headbutt the skeletal warrior, but do no damage.
The skeletal warrior is severely damaged.
The skeletal warrior barely misses you.
You hit the skeletal warrior.
The skeletal warrior is almost destroyed.
You closely miss the skeletal warrior.
The skeletal warrior is almost destroyed.
The skeletal warrior barely misses you. You furiously retaliate!
You headbutt the skeletal warrior, but do no damage.
You closely miss the skeletal warrior.
The skeletal warrior is almost destroyed.
The skeletal warrior hits you but does no damage.
You closely miss the skeletal warrior.
The skeletal warrior is severely damaged.
You thump the skeletal warrior! You headbutt the skeletal warrior.
The skeletal warrior is almost destroyed.
The skeletal warrior hits you with a +0 flail!
You closely miss the skeletal warrior.
Your headbutt misses the skeletal warrior.
The skeletal warrior is almost destroyed.
The skeletal warrior hits you with a +0 flail!
* * * LOW HITPOINT WARNING * * *
You puncture the skeletal warrior! You freeze the skeletal warrior.
You destroy the skeletal warrior!
A skeletal warrior comes into view. It is wielding a +0 morningstar.
You closely miss the skeletal warrior.
You see here a +0 scimitar.
You completely miss the skeletal warrior.
You headbutt the skeletal warrior.
The skeletal warrior is lightly damaged.
The skeletal warrior hits you with a +0 morningstar!!
* * * LOW HITPOINT WARNING * * *
The skeletal warrior attacks as you move away!
The skeletal warrior hits you with a +0 morningstar!
You die...
Your body glows with a rainbow of weird colours and disappears.

.. #........## ###. ####
#.......PPP #.#.#.#.##
#.....P~PPP #)#.#.#.#
#.#P~..~♣≈≈ #.#.#.#.##
#.P~PP~≈≈♣~ #.#.#)#.#.#
#.PP~♣≈♣~PP #.#.#.#.#.##
#.P~~≈♣♣PPP
##.#.#.#[#z#.#####~~~≈♣♣
P.
#.#.#.#.#.#@#......P~♣♣~♣
##.#.#.#.#.#.#####P~P~~~♣
#.#.#.#.#.#.#....).~P~P~~♣
##.#.#.#.#.#..########~~PP
#.#.#.#.#.#.### ##.~
##.#.#.#.#.#.# #
###.###.###.# #...z.###.#
#####.....#


You could see a skeletal warrior.

Vanquished Creatures
  A vault guard (Bailey)
  2 boulder beetles
  Erolcha (D:10)
  2 hydras
  5 two-headed ogres
  2 centaur warriors (D:14)
  A tengu warrior (D:14)
  A death yak (D:10)
  A titan skeleton (D:15)
  4 skeletal warriors (D:15)
  A golden dragon zombie (D:15)
  3 cyclopes
  A manticore (D:13)
  3 elephants
  5 black mambas
  A torpor snail (Lair:4)
  3 gargoyles
  7 cane toads
  2 komodo dragons
  An unseen horror (D:11)
  A rime drake (Lair:5)
  A polar bear (Lair:1)
  2 trolls (D:13)
  10 blink frogs
  2 hornets
  The ghost of jaiteiro the Conjurer, an amateur GnCj (D:3)
  Prince Ribbit (Bailey)
  3 shadows
  3 hogs (Lair:3)
  7 humans (Bailey)
  25 yaks
  5 wyverns
  A basilisk (Lair:3)
  4 wargs (D:11)
  An acid dragon (D:11)
  Edmund (D:6)
  Duvessa (D:7)
  8 water moccasins
  5 orc warriors
  2 ice beasts
  3 black bears
  An ogre (D:5)
  7 centaurs
  4 kobold brigands
  3 necrophages
  5 gnoll sergeants
  A scorpion (D:4)
  20 bullfrogs
  6 wights
  Dowan (D:7)
  17 killer bees
  5 howler monkeys
  2 hounds
  A jelly (D:6)
  4 orc priests
  2 gnoll boudas
  2 iguanas
  5 orc wizards
  7 adders
  34 gnolls
  3 white imps (D:7)
  37 orcs
  5 endoplasms
  13 goblins
  4 hobgoblins
  2 jackals (D:1)
  4 quokkas
  7 ball pythons
  5 bats
  3 frilled lizards
  A goblin skeleton (D:10)
  14 kobolds
  3 rats
362 creatures vanquished.

Vanquished Creatures (collateral kills)
  A hornet (D:10)
  A human skeleton (D:10)
  3 kobolds (D:10)
5 creatures vanquished.

Vanquished Creatures (others)
  29 fungi
  31 plants
60 creatures vanquished.

Grand Total: 427 creatures vanquished

Notes
Turn   | Place    | Note
-------+----------+-------------------------------------------
     0 | D:5      | Acheron the Minotaur Delver began the quest for the Orb.
     0 | D:5      | Reached XP level 1. HP: 19/19 MP: 0/0
     0 | D:5      | Found a staircase to the Ecumenical Temple.
     5 | Temple   | Entered the Ecumenical Temple
   283 | D:6      | Reached XP level 2. HP: 27/27 MP: 1/1
   295 | D:5      | Noticed a black bear
   325 | D:5      | Found Kann's CLEARANCE SALE!.
   325 | D:5      | Noticed an ogre
   529 | D:4      | Noticed a scorpion
   871 | D:3      | Found an iron altar of Okawaru.
   877 | D:3      | Reached XP level 3. HP: 29/33 MP: 2/2
  2051 | D:3      | Reached XP level 4. HP: 40/40 MP: 3/3
  2160 | D:3      | Found a glowing silver altar of Zin.
  2160 | D:3      | Found a white marble altar of Elyvilon.
  2160 | D:3      | Found a glowing golden altar of the Shining One.
  2299 | D:3      | Reached skill level 1 in Axes
  2299 | D:3      | Reached skill level 1 in Armour
  2612 | D:3      | Found a runed translucent door.
  2613 | D:3      | Noticed jaiteiro's ghost (amateur GnCj)
  2642 | D:4      | Reached skill level 5 in Stealth
  2642 | D:4      | Reached XP level 5. HP: 45/46 MP: 4/4
  2854 | D:4      | Reached skill level 2 in Axes
  2854 | D:4      | Reached skill level 1 in Throwing
  2978 | D:5      | Reached skill level 1 in Shields
  2978 | D:5      | Reached skill level 1 in Evocations
  2978 | D:5      | Reached XP level 6. HP: 52/52 MP: 5/5
  3020 | D:5      | Noticed an ice beast
  3046 | D:5      | Reached skill level 3 in Axes
  3052 | D:5      | Killed an ice beast
  3430 | D:5      | Reached skill level 4 in Axes
  3508 | D:6      | Reached XP level 7. HP: 58/60 MP: 6/6
  3730 | D:6      | Noticed Edmund
  3743 | D:6      | Killed Edmund
  3973 | D:6      | Reached skill level 5 in Axes
  4165 | D:6      | Reached skill level 5 in Fighting
  4181 | D:6      | Reached XP level 8. HP: 64/68 MP: 7/7
  4665 | D:7      | Reached skill level 6 in Axes
  4668 | D:7      | Noticed a two-headed ogre
  4803 | D:7      | Noticed Duvessa
  4955 | D:7      | Reached skill level 7 in Axes
  5460 | D:8      | Reached XP level 9. HP: 66/75 MP: 8/8
  5473 | D:8      | Reached skill level 8 in Axes
  5922 | D:8      | Noticed a gargoyle
  5922 | D:8      | Noticed a two-headed ogre
  5939 | D:8      | Found a sparkling altar of Nemelex Xobeh.
  5946 | D:8      | Became a worshipper of Nemelex Xobeh the Trickster
  6060 | D:8      | Reached skill level 9 in Axes
  6199 | D:8      | Found a shadowy altar of Dithmenos.
  6368 | D:9      | Reached skill level 5 in Armour
  6769 | D:10     | Entered Level 10 of the Dungeon
  6800 | D:10     | Identified a scroll of acquirement
  6800 | D:10     | Acquired the +3 pair of gloves "Ejuxtuz" {rF+++ rCorr MP+9
                  | Dex-2}
  6845 | D:10     | Noticed a gargoyle
  6860 | D:10     | Killed a gargoyle
  7208 | D:10     | Noticed a two-headed ogre
  7209 | D:10     | Found a snail-covered altar of Cheibriados.
  7218 | D:11     | Reached * piety under Nemelex Xobeh
  7235 | D:11     | Reached XP level 10. HP: 79/84 MP: 9/9
  7294 | D:11     | Noticed a death yak
  7332 | D:10     | Found a flagged portal.
  7363 | Bailey   | Entered a bailey
  7379 | Bailey   | Reached skill level 5 in Dodging
  7471 | Bailey   | Reached skill level 10 in Axes
  7875 | Bailey   | Noticed a vault guard
  7911 | Bailey   | Killed a vault guard
  7912 | Bailey   | Reached skill level 5 in Shields
  8213 | Bailey   | Noticed Prince Ribbit
  8214 | Bailey   | Noticed a vault guard
  8253 | Bailey   | Killed Prince Ribbit
  8254 | Bailey   | Reached skill level 11 in Axes
  8352 | D:11     | Noticed a two-headed ogre
  8352 | D:11     | Noticed a boulder beetle
  8459 | D:10     | Found a runed translucent door.
  8463 | D:10     | Paralysed by a hornet for 2 turns
  8473 | D:10     | Found a basalt altar of Yredelemnul.
  8600 | D:9      | Found a bloodstained altar of Trog.
  8611 | D:9      | Reached skill level 1 in Invocations
  8918 | D:9      | Received a gift from Nemelex Xobeh
  9152 | D:7      | Found a radiant altar of Vehumet.
  9267 | D:7      | Killed a two-headed ogre
  9268 | D:7      | Reached XP level 11. HP: 62/94 MP: 11/11
  9435 | D:7      | Noticed Dowan
  9460 | D:7      | Killed Duvessa
  9471 | D:7      | Killed Dowan
  9747 | D:6      | Found a sacrificial altar of Ru.
 10049 | D:8      | Reached skill level 12 in Axes
 10122 | D:8      | Killed a two-headed ogre
 10697 | D:10     | Noticed Erolcha
 10705 | D:10     | Killed Erolcha
 10984 | D:11     | Noticed a death yak
 10984 | D:11     | Noticed a death yak
 10998 | D:10     | Killed a death yak
 11155 | D:11     | Received a gift from Nemelex Xobeh
 11258 | D:11     | Noticed a two-headed ogre
 11259 | D:11     | Noticed a boulder beetle
 11274 | D:11     | Killed a two-headed ogre
 11322 | D:11     | Killed a boulder beetle
 11323 | D:11     | Reached skill level 13 in Axes
 11601 | D:11     | Found a staircase to the Orcish Mines.
 11622 | Orc:1    | Entered Level 1 of the Orcish Mines
 11623 | Orc:1    | Noticed an orc knight
 11748 | D:11     | Found a staircase to the Lair.
 11761 | Lair:1   | Entered Level 1 of the Lair of Beasts
 11773 | Lair:1   | Noticed a four-headed hydra
 11929 | D:11     | Reached XP level 12. HP: 74/104 MP: 14/14
 12079 | D:11     | You fall into a shaft and drop 2 floors!
 12086 | D:13     | Reached ** piety under Nemelex Xobeh
 12122 | D:12     | Reached skill level 5 in Throwing
 12181 | D:12     | Noticed a two-headed ogre
 12383 | D:12     | Identified the ring "Zoteloc" {rElec rPois rN+ MP+9 Str-3}
 12672 | D:11     | Reached XP level 13. HP: 111/111 MP: 16/16
 13377 | Lair:2   | Reached skill level 1 in Maces & Flails
 13824 | Lair:2   | You fall into a shaft and drop 1 floor!
 14349 | Lair:4   | Found a staircase to the Slime Pits.
 14359 | Slime:1  | Entered Level 1 of the Pits of Slime
 14546 | Lair:3   | Found a staircase to the Swamp.
 14628 | Lair:3   | Reached *** piety under Nemelex Xobeh
 15212 | Lair:4   | Reached skill level 5 in Maces & Flails
 15660 | Lair:4   | Found a transporter.
 15699 | Lair:4   | Found a transporter.
 15703 | Lair:4   | Noticed Vufrucs's ghost (journeyman DrTm)
 15713 | Lair:4   | Received a gift from Nemelex Xobeh
 15905 | Lair:5   | Entered Level 5 of the Lair of Beasts
 16060 | Lair:4   | Received a gift from Nemelex Xobeh
 16778 | D:3      | Killed jaiteiro's ghost
 16928 | D:3      | Reached **** piety under Nemelex Xobeh
 16935 | D:3      | Received a gift from Nemelex Xobeh
 16936 | D:3      | Found an ancient bone altar of Kikubaaqudgha.
 18004 | D:13     | Reached skill level 10 in Fighting
 18085 | D:14     | Reached XP level 14. HP: 102/121 MP: 18/18
 18355 | D:14     | Found an ornate altar of the Wu Jian Council.
 18463 | D:14     | Reached ***** piety under Nemelex Xobeh
 18513 | D:14     | Received a gift from Nemelex Xobeh
 18571 | D:15     | Entered Level 15 of the Dungeon
 19229 | D:14     | Learned a level 1 spell: Apportation
 19303 | D:15     | Received a gift from Nemelex Xobeh
 19621 | D:15     | Slain by a skeletal warrior

Illustrated notes

Levels and vault maps discovered:
D:1:      eino_arrival_cavern_a, layout_loops_ring
D:2:      minmay_kobold_bridge, layout_rooms, shapermc_ecumenical_altar_petra
D:3:      layout_loops_ring, dreamdust_divine_triumvirate,
          mainiacjoe_overflow_concentric_impassable,
          lemuel_coloured_pillars_altar, gammafunk_ghost_grave, serial_rivers,
          chequers_serial_rivers_room_a, chequers_serial_rivers_small_3,
          chequers_serial_rivers_marsh, chequers_serial_rivers_micro_d,
          chequers_serial_rivers_micro_e
D:4:      layout_loops_ring
D:5:      layout_loops_corners, minmay_temple_entry_from_below_a,
          nicolae_shop_clearance
D:6:      layout_basic, nicolae_ru_path_of_blood, uniq_edmund
D:7:      layout_loops_ring, vehumet_crystals, uniq_duvessa
D:8:      layout_basic, mainiacjoe_overflow_big_doors, kennysheep_small_circle
D:9:      layout_rooms, trog_ov_bears_minmay
D:10:     layout_roguey, cheibriados_altar_1, dk_yredelemnul_ordeal,
          enter_bailey_5, lemuel_flamethrower_2, uniq_erolcha
D:11:     layout_cave_pools, dpeg_lair_monsters, minmay_orc_entry_guard_dogs,
          amcnicky_mini_rare_corridor_liquid
D:12:     layout_cave_pools, chequers_decorated_corner
D:13:     layout_cave_pods, kiku_gazebo_garden_becter
D:14:     layout_irregular_city, david_vaults_4,
          pdpol_wu_jian_five_deadly_venoms
D:15:     gammafunk_depths_entry_grave, layout_basic, minmay_strange_pillars,
          minivault_23, serial_bayou_lagoon_a
Temple:   jpeg_temple_alley_garden
Lair:1:   layout_concentric_octagons, chequers_serial_rivers_micro_d,
          grunt_megastairs_1
Lair:2:   layout_roguey [special_room_bee], nicolae_spider_entry_orb_guardian,
          portal_ice_cave_entry_pillars_2, infiniplex_staircase_pool_2,
          lemuel_fruit_fields
Lair:3:   layout_regular_city, swamp_mist_pool, uniq_kirke
Lair:4:   layout_small_grid, slime_entry_1, gammafunk_ghost_berserking_beasts,
          serial_bayou_shore_b
Lair:5:   hellmonk_lair_end_abyssal_woods, layout_hall_layers,
          hellmonk_guarded_unrand_seven_league_boots
Slime:1:  layout_caves
Orc:1:    layout_diamond_mine, uniq_erica, uniq_jorgrun

Skill      XL: |  1  2  3  4  5  6  7  8  9 10 11 12 13 14 |
---------------+-------------------------------------------+-----
Long Blades    | 3 |  3.0
Fighting       | 4 5 6 7 9 10 | 10.2
Axes           | 1 2 4 5 7 9 11 13 | 13.8
Armour         | 1 2 3 4 5 7 8 9 |  9.3
Stealth        | 5 6 7 8 |  8.3
Throwing       | 1 2 3 4 5 6 |  6.2
Shields        | 1 2 3 4 5 6 7 8 |  8.8
Evocations     | 1 2 3 4 6 7 |  7.0
Dodging        | 3 4 5 6 |  6.2
Invocations    | 1 4 6 7 |  7.5
Maces & Flails | 7 8 |  8.3
Translocations | |  0.3

Action                   |  1- 3 |  4- 6 |  7- 9 | 10-12 | 13-15 || total
-------------------------+-------+-------+-------+-------+-------++-------
Melee: Falchion          |    27 |       |       |       |       ||    27
       Headbutt          |    13 |    16 |    69 |   146 |   153 ||   397
       War axe           |    49 |    99 |   309 |   556 |    17 ||  1030
       Punch             |       |     2 |     4 |     6 |       ||    12
       Dire flail        |       |       |       |       |   468 ||   468
Throw: Dart              |       |       |     3 |     3 |     3 ||     9
       Boomerang         |       |       |       |       |     3 ||     3
Invok: Draw Destruction  |       |       |       |     4 |     5 ||     9
       Draw Summoning    |       |       |       |     1 |       ||     1
Evoke: Wand              |       |       |       |     3 |     1 ||     4
  Use: Scroll            |     5 |     4 |     9 |     9 |     6 ||    33
       Potion            |       |       |     2 |     6 |     1 ||     9
 Stab: Sleeping          |    11 |     9 |     8 |     6 |    10 ||    44
       Distracted        |       |       |       |     1 |     1 ||     2
Armor: Leather armour    |     2 |       |       |       |       ||     2
       Shadow dragon sca |    37 |    73 |   173 |   397 |   283 ||   963
Dodge: Dodged            |    44 |    27 |    96 |   233 |   127 ||   527
Block: Other             |     5 |    25 |    71 |   120 |    73 ||   294
       Reflection        |       |       |     4 |     3 |     4 ||    11
       Kite shield       |       |       |       |    89 |    27 ||   116
